Map: Deathaura LE

Players

MarineLorD - Winner!

  • Race: Terran Terran
  • Spawn Location: 11:00

GOStephano (Stephano)

  • Race: Zerg Zerg
  • League: Grandmaster
  • Spawn Location: 5:00

Event: DreamHack SC2 Masters 2020 Summer Europe

VOD

Have the link to the VOD?

Description

Time

  • Played on: June 24, 2020, 11:19 a.m.
  • Length: 13:29

All games in this series

Show
View Real Time Build Order
Export as new Build Order

MarineLorD Terran - Winner!

Build Orders: Reaper Expand, Hellion Banshee 

Get SALT Encoding   

  12  0:00  SCV  
  13  0:12  SCV  
  14  0:16  Supply Depot  
  14  0:24  SCV  
  15  0:38  SCV  
  15  0:40  Barracks  
  16  0:45  Refinery  
  16  0:50  SCV  
  17  1:02  SCV  
  18  1:14  SCV  
  19  1:26  Orbital Command  
  19  1:27  Reaper  
  20  1:37  Command Center  
  20  1:50  Supply Depot  
  20  1:52  SCV  
  21  1:59  Marine  
  22  2:04  SCV  
  23  2:14  Factory  
  23  2:16  SCV  
  23  2:17  Marine  
  25  2:28  SCV  
  26  2:39  Barracks Reactor  
  26  2:40  SCV  
  27  2:49  Command Center  
  27  2:50  Orbital Command  
  27  2:54  SCV  
  28  3:06  SCV  
  28  3:07  Refinery  
  28  3:08  Starport  
  29  3:18  SCV  
  29  3:19  SCV  
  31  3:22  Barracks Tech Lab  
  31  3:24  Hellion x2  
  35  3:31  SCV x2  
  37  3:43  SCV x2  
  37  3:47  Hellion x2  
  43  3:55  SCV x2  
  45  3:58  Cloaking Field  
  45  4:00  Orbital Command, Banshee  
  48  4:04  Barracks Tech Lab  
  48  4:07  SCV x2  
  50  4:12  Hellion  
  50  4:13  Hellion, Supply Depot  
  54  4:19  SCV x2  
  54  4:24  Stimpack, Marine  
  56  4:29  SCV  
  58  4:31  SCV  
  58  4:35  Hellion x2  
  58  4:37  Supply Depot  
  63  4:38  Supply Depot  
  63  4:39  SCV  
  63  4:41  SCV  
  63  4:43  SCV  
  63  4:45  Banshee  
  69  4:58  SCV x3, Marine  
  73  5:01  Supply Depot  
  73  5:03  Barracks  
  73  5:04  Barracks  
  73  5:08  Factory Reactor  
  73  5:10  SCV x3  
  73  5:13  Engineering Bay  
  76  5:14  Refinery  
  76  5:15  Engineering Bay, Refinery  
  76  5:16  Orbital Command, Marine  
  77  5:23  SCV x2  
  79  5:33  Marine  
  80  5:35  SCV  
  80  5:37  SCV  
  82  5:47  Starport Reactor  
  82  5:48  SCV x2, Terran Infantry Weapons Level 1, Terran Infantry Armor Level 1  
  84  5:50  Barracks  
  84  5:52  SCV, Barracks  
  84  5:54  Marine  
  86  6:00  SCV x2  
  86  6:03  Marine x2  
  88  6:04  SCV  
  88  6:10  Marine x2  
  89  6:12  SCV x2, Marine  
  89  6:13  Siege Tank  
  93  6:21  Marine x2  
  93  6:23  Medivac  
  92  6:28  SCV  
  93  6:32  Supply Depot  
  93  6:33  Supply Depot  
  93  6:34  SCV, Supply Depot, Marine x3, Medivac  
  99  6:41  Marine x2  
  99  6:42  Barracks Reactor, Combat Shield  
  99  6:43  Barracks Reactor  
  101  6:54  SCV x2, Siege Tank  
  101  6:55  Marine x2  
  101  6:56  Marine  
  101  6:58  Supply Depot  
  101  7:00  Supply Depot  
  101  7:01  SCV  
  110  7:02  Marine x2  
  110  7:03  Refinery x2  
  110  7:06  SCV x2  
  110  7:07  Armory  
  114  7:13  SCV  
  115  7:15  Marine x2  
  115  7:16  Marine  
  115  7:18  SCV, Medivac x2  
  115  7:21  SCV  
  115  7:22  Marine x2  
  124  7:26  SCV, Missile Turret, Marine x2  
  124  7:28  Siege Tank  
  124  7:29  Marine x2  
  134  7:33  Supply Depot x2, Marine x2  
  134  7:34  Marine  
  137  7:40  Marine x2  
  137  7:43  Marine  
  137  7:44  Marine  
  141  7:51  Supply Depot x2  
  141  7:52  Supply Depot  
  141  7:54  Marine x3, Terran Infantry Weapons Level 2  
  141  7:56  Terran Infantry Armor Level 2  
  141  7:57  Marine  
  145  7:59  Marine x3  
  145  8:01  Marine, Siege Tank  
  145  8:02  Command Center, Marine  
  153  8:10  Medivac  
  153  8:12  Marine x3  
  155  8:15  Terran Vehicle Weapons Level 1, Marine, Factory  
  155  8:17  Marine x3  
  159  8:21  Marine  
  159  8:22  Marine  
  161  8:29  Marine x2  
  161  8:30  Marine  
  161  8:32  Medivac  
  161  8:33  Marine, Siege Tank  
  170  8:35  Marine x3  
  170  8:38  Marine  
  170  8:40  Medivac, Marine  
  177  8:47  Marine x2  
  179  8:49  Barracks  
  179  8:50  Barracks  
  179  8:51  Barracks  
  179  8:53  Supply Depot  
  179  8:54  Supply Depot  
  179  8:57  Marine  
  179  8:58  Marine  
  179  8:59  Sensor Tower  
  179  9:01  Marine x3  
  181  9:06  Factory Tech Lab  
  181  9:13  Marine x3, Siege Tank  
  187  9:20  Marine  
  187  9:21  Marine  
  189  9:25  Marine x2  
  189  9:28  Marine x2  
  189  9:31  Marine x3  
  189  9:37  Command Center  
  187  9:38  Marine x2  
  187  9:43  Marine x2  
  190  9:46  Marine  
  190  9:52  Marine  
  150  9:55  Marine x2  
  150  9:58  Marine x2  
  151  10:00  Barracks Tech Lab x2  
  151  10:01  Marine x2  
  151  10:03  Siege Tank x2  
  151  10:05  Liberator x2  
  166  10:11  Terran Infantry Weapons Level 3  
  166  10:13  Terran Infantry Armor Level 3  
  163  10:17  Barracks Tech Lab  
  162  10:26  Planetary Fortress  
  162  10:27  SCV x3  
  165  10:30  Refinery  
  165  10:31  Refinery  
  168  10:35  Siege Tank  
  168  10:38  Siege Tank  
  168  10:39  SCV  
  171  10:50  Terran Vehicle Weapons Level 2  
  171  10:54  Orbital Command  
  171  11:02  Marine x2  
  171  11:03  Marine x5  
  178  11:05  Marine  
  178  11:06  Marine  
  178  11:07  Siege Tank  
  178  11:09  Marine  
  178  11:10  Marine x2  
  157  11:20  Marine x2  
  157  11:21  Marine x2  
  124  11:26  Marine x2  
  124  11:27  Marine x3  
  124  11:28  Marine x2  
  124  11:30  SCV x2  
  87  11:37  Marine x2  
  87  11:38  Marine  
  88  11:42  Marine, Siege Tank  
  88  11:44  Marine x2  
  88  11:45  Marine x2  
  88  11:46  Marine x2  
  96  11:47  Orbital Command  
  82  11:55  Marine x2  
  82  11:56  Marine  
  82  12:00  Orbital Command, Marine  
  71  12:01  Marine  
  71  12:02  Marine  
  71  12:03  Marine x2  
  71  12:04  Marine x2  
  69  12:13  Marine  
  69  12:14  Marine  
  65  12:16  Marine  
  65  12:18  Marine  
  65  12:21  Marine  
  53  12:33  Marine  
  55  12:40  Orbital Command  
  55  12:42  Marine x2  
  55  12:48  Marine x3  
  58  12:57  Marine x4  
  57  13:00  Marine  
  57  13:02  SCV x2  
  60  13:05  SCV  
  60  13:09  SCV x2  
Show
View Real Time Build Order
Export as new Build Order

GOStephano Zerg 

Build Orders: Hatch First 

Get SALT Encoding   

  12  0:00  Drone  
  13  0:12  Overlord  
  13  0:16  Drone  
  14  0:30  Drone x2  
  16  0:47  Hatchery  
  15  0:50  Drone  
  15  0:53  Drone  
  17  0:57  Drone  
  18  1:08  Extractor  
  17  1:12  Spawning Pool  
  17  1:15  Drone  
  17  1:18  Drone  
  18  1:27  Drone  
  19  1:38  Drone  
  20  1:50  Drone  
  21  1:59  Queen x2  
  25  2:06  Hatchery  
  25  2:08  Zergling x2  
  25  2:10  Zergling x2  
  26  2:15  Overlord  
  26  2:20  Drone  
  26  2:21  Drone  
  28  2:34  Drone  
  29  2:37  Queen  
  29  2:38  Drone  
  29  2:41  Drone  
  33  2:49  Metabolic Boost  
  34  2:51  Drone x2  
  34  2:54  Overlord  
  35  3:00  Drone  
  36  3:13  Drone x2  
  36  3:15  Drone  
  36  3:16  Queen, Drone x2  
  36  3:17  Drone  
  44  3:20  Queen  
  44  3:21  Drone  
  47  3:27  Overlord  
  47  3:36  Drone  
  47  3:37  Queen  
  50  3:43  Overlord  
  50  3:47  Overlord  
  50  3:49  Drone x6  
  50  3:55  Overlord  
  56  3:58  Overlord  
  56  3:59  Drone x2  
  58  4:11  Zergling x6  
  58  4:12  Drone x2  
  63  4:19  Evolution Chamber x2  
  63  4:24  Drone x6  
  67  4:27  Spore Crawler x2  
  67  4:29  Drone x3  
  67  4:30  Spore Crawler  
  67  4:36  Drone x3  
  70  4:44  Drone x2  
  70  4:45  Zerg Ground Armor Level 1  
  72  4:48  Drone x4  
  72  4:51  Extractor x2  
  74  4:53  Drone x2  
  74  4:54  Overlord  
  74  4:59  Drone x5  
  81  5:02  Extractor x2  
  81  5:05  Zergling x2  
  80  5:08  Zerg Melee Weapons Level 1  
  80  5:12  Queen x2  
  86  5:16  Overlord, Spore Crawler  
  86  5:20  Drone x3  
  88  5:25  Lair  
  86  5:29  Drone  
  86  5:31  Zergling x4  
  86  5:32  Zergling x2  
  86  5:34  Overlord  
  86  5:35  Drone x7  
  95  5:38  Baneling Nest  
  95  5:45  Overlord  
  95  5:46  Drone x2  
  96  5:58  Zergling x8, Extractor  
  86  6:17  Drone x9  
  90  6:28  Centrifical Hooks  
  90  6:30  Hydralisk Den  
  89  6:39  Zergling x18  
  100  6:40  Zergling x4  
  100  6:41  Overseer  
  100  6:42  Hatchery  
  100  6:44  Baneling x4  
  100  6:45  Baneling x2  
  99  6:49  Zerg Ground Armor Level 2  
  99  6:50  Overlord  
  99  6:56  Overlord  
  99  6:57  Overlord x2  
  99  7:03  Zergling x14  
  99  7:04  Zerg Melee Weapons Level 2  
  99  7:08  Muscular Augments  
  106  7:11  Overlord  
  105  7:16  Baneling x3  
  105  7:17  Baneling x3  
  105  7:29  Zergling x20  
  115  7:40  Hydralisk x8  
  131  7:46  Hatchery  
  131  7:48  Hydralisk  
  132  7:58  Hydralisk x6  
  142  8:09  Zergling x18  
  151  8:18  Overlord  
  151  8:19  Grooved Spines  
  149  8:23  Drone x6  
  149  8:28  Drone x2  
  149  8:29  Overlord  
  150  8:36  Overlord x2  
  150  8:37  Drone x4  
  154  8:46  Drone x3, Extractor  
  156  8:52  Hydralisk x4  
  156  8:53  Hatchery  
  162  9:04  Zergling x18  
  162  9:07  Baneling x6  
  171  9:10  Hydralisk x3  
  177  9:17  Zergling x2  
  177  9:18  Zergling x6  
  177  9:19  Baneling x10  
  177  9:23  Overlord  
  181  9:29  Zergling x20  
  181  9:31  Baneling x11  
  186  9:33  Zergling x4  
  186  9:34  Zergling x2  
  188  9:45  Zergling x18  
  191  9:51  Zergling x2  
  176  9:56  Infestation Pit, Zergling x2  
  176  9:57  Zergling x16  
  184  10:06  Baneling x22  
  184  10:07  Zergling x4  
  184  10:13  Zergling x10  
  190  10:21  Zergling x16  
  198  10:24  Overseer x2  
  197  10:32  Baneling x19  
  197  10:33  Zergling x2, Baneling x3  
  198  10:36  Zergling x4  
  200  10:48  Baneling x29  
  199  11:06  Zergling x10  
  199  11:07  Zergling x2  
  170  11:11  Spawning Pool  
  170  11:13  Zergling x20  
  170  11:17  Zergling x8  
  148  11:27  Zergling x24  
  148  11:30  Baneling x4  
  141  11:39  Baneling  
  139  11:40  Baneling x14  
  111  12:02  Zergling x10  
  111  12:03  Zergling x14  
  119  12:09  Baneling Nest  
  101  12:23  Zergling x6  
  102  12:32  Zergling x4  
  104  12:39  Zergling x8  
  105  12:45  Hatchery  
  105  12:49  Zergling x4  
  92  13:03  Zergling x4  
  94  13:07  Zergling x4  
Tags
 
Add a new tag
Caveats
  • Supply blocks, unpowered buildings, or Contaminate may cause inaccurate times.
  • Supply counts are checked every 10 seconds.